 Dungeon Crawl Stone Soup version 0.20.1-1-g8b1a95d (webtiles) character file.

14338 vineage the Blocker (level 12, 0/73 HPs)
             Began as a Gargoyle Fighter on Oct 6, 2017.
             Was a High Priest of Okawaru.
             Slain by an orc warrior
             ... wielding a +0 mace
              (10 damage)
             ... on level 2 of the Orcish Mines.
             The game lasted 00:22:16 (9156 turns).

vineage the Blocker (Gargoyle Fighter)              Turns: 9156, Time: 00:22:16

Health: 0/73       AC: 32    Str: 28    XL:     12   Next: 15%
Magic:  12/12      EV: 13    Int: 12    God:    Okawaru [*****.]
Gold:   852        SH: 10    Dex: 20    Spells: 11/11 levels left

rFire    . . .     SeeInvis .   k - +4 falchion (distort)
rCold    . . .     Gourm    .   N - +2 buckler
rNeg     + . .     Faith    +   M - +1 chain mail "Gazoez" {-Tele Str+4 Dex+9}
rPois    ∞         Spirit   .   t - +2 helmet
rElec    +         Reflect  .   B - +0 cloak
rCorr    .         Harm     .   H - +2 pair of gloves
MR       .....     NoTele   +   e - +0 pair of boots
Stlth    ..........             v - amulet of faith
Regen    0.3/turn               (no ring)
MPRegen  0.2/turn               (no ring)

@: no status effects
A: slimy green scales 1, clever 1, negative energy resistance 1, electricity
resistance, strong 1, unbreathing, petrification resistance, rot immunity,
sturdy frame 1, AC +8
a: Heroism, Finesse, Renounce Religion


You were on level 2 of the Orcish Mines.
You worshipped Okawaru.
Okawaru was extremely pleased with you.
You were not hungry.

You visited 2 branches of the dungeon, and saw 12 of its levels.

You collected 1038 gold pieces.
You spent 186 gold pieces at shops.

Inventory:

Hand Weapons
 a - a +0 flail
 k - a +4 falchion of distortion (weapon)
 E - a +1 whip of electrocution
 G - the +9 arbalest of the Lair of Beasts {venom, +Blink rF++ MR+, unknown}
   (Okawaru gifted it to you on level 8 of the Dungeon)

   It poisons the ammo it fires.
   It greatly protects you from fire.
   It affects your resistance to hostile enchantments.
   It lets you blink.
Armour
 b - a +0 scale mail
 c - a +1 shield
 e - a +0 pair of boots (worn)
 j - +0 ice dragon scales
 s - a +0 pair of gloves
 t - a +2 helmet (worn)
 B - a +0 cloak (worn)
 H - a +2 pair of gloves (worn)
 M - the +1 chain mail "Gazoez" (worn) {-Tele Str+4 Dex+9}
   (Okawaru gifted it to you on level 10 of the Dungeon)

   It affects your strength (+4).
   It affects your dexterity (+9).
   It prevents most forms of teleportation.
 N - a +2 buckler (worn)
Jewellery
 n - an uncursed amulet of the gourmand {unknown}
 v - an amulet of faith (around neck)
Wands
 y - a wand of iceblast (7/15)
 J - a wand of flame (26/48)
Scrolls
 m - a scroll of identify
 q - a scroll of amnesia
 u - 2 scrolls of recharging
 z - a scroll of immolation
 C - a scroll of remove curse
 F - a scroll of fog
Potions
 d - a potion of might
 i - 4 potions of brilliance
 l - 5 potions of agility
 r - a potion of ambrosia
 D - a potion of mutation
 I - a potion of magic {unknown}
 K - a potion of haste {unknown}
 L - a potion of lignification {unknown}
Comestibles
 f - 9 bread rations
 g - 8 fruits
 h - 9 meat rations
 p - 4 royal jellies


   Skills:
 + Level 8.1 Fighting
 + Level 10.1 Long Blades
 + Level 2.5 Maces & Flails
 + Level 8.6 Armour
 + Level 5.0 Dodging
 + Level 2.6 Stealth
 + Level 11.7 Shields
 + Level 0.2 Invocations


You had 11 spell levels left.
You didn't know any spells.

Dungeon Overview and Level Annotations

Branches:
Dungeon (10/15)            Temple (0/1) D:6            Lair (0/6) D:8
    Orc (2/2) D:10
    Elf: Orc:2

Altars:
Cheibriados
Elyvilon
Gozag
Okawaru
Qazlal
Sif Muna
Uskayaw
Xom

Shops:
D:4 [[[[%*   D:5 %   D:7 :   Orc:1 ?

Annotations:
D:5 Crazy Yiuf
Abyss:1 Josephine, Sigmund, Urug


Innate Abilities, Weirdness & Mutations

You are resistant to torment.
Your stone body is resilient. (AC +8)
You are immune to poison.
You resist negative energy. (rN+)
You are resistant to electric shocks. (rElec)
You can survive without breathing.
You are immune to petrification.
You are immune to rotting.
You are partially covered in slimy green scales. (AC +2)
Your mind is acute. (Int +2)
Your muscles are strong. (Str +2)
Your movements are slightly less encumbered by armour. (ER -2)


Message History

You block the orc warrior's attack.
You hear a howl!
You hear a shout!
You slash the orc warrior!
Space bends around the orc warrior.
The orc warrior is heavily wounded.
The orc priest invokes the aid of Beogh against you.
Beogh smites you! The orc warrior closely misses you.
You slash the orc warrior!
The orc warrior is devoured by a tear in reality.
You block the orc warlord's attack.
A warg comes into view.
The orc priest mumbles some strange prayers to Beogh against you.
Beogh smites you!
The orc warlord roars a battlecry!
The orc warrior goes into a battle-frenzy!
The orc warrior closely misses you.
The orc priest calls down the wrath of Beogh upon you.
Beogh smites you!
* * * LOW HITPOINT WARNING * * *
The orc warrior hits you with a mace!
You die...

# .# # .#..... ###. #+#####.
...#..... #.. ....... . ........#
#.# #....# . ........# ######.#
#....# #. ........# +....@.#
#....+ .. ........#
#.####o#####.#### ..
........####)#..#..o§.oW.).# ..
........)8##.'..#..h.o####)####.8
........).'..#..#..⌠).# #..W.'..
........)8##.####.....#..'.####.8
....))..####..........#[.#.# ..
.....)).# ####)#####.####.# ..
....#...# +....# #... ..+ ..


You could see an orc warlord, a warg, an orc warrior and an orc priest.

Vanquished Creatures
  A stone giant (Orc:1)
  The ghost of ThereIsNoGod the Grappler, a novice TrFi of Makhleb (D:10)
  3 two-headed ogres
  Pikel (D:7)
  A hippogriff (D:8)
  2 yaks (D:8)
  2 basilisks (D:8)
  A warg (Orc:2)
  4 porcupines (D:8)
  A black bear (D:8)
  An ice beast (D:6)
  2 sky beasts
  2 necrophages (D:7)
  12 orc warriors
  A phantom (D:10)
  A slave (D:7)
  An eye of draining (D:9)
  7 ogres
  A centaur (D:8)
  A crocodile (D:9)
  3 bullfrogs
  A big kobold (D:8)
  Blork the orc (D:6)
  A wyvern zombie (D:9)
  5 gnoll sergeants (D:10)
  3 scorpions
  6 killer bees
  17 wights
  7 crimson imps
  2 quasits
  A bullfrog skeleton (D:6)
  3 hounds
  A jelly (D:9)
  11 orc priests
  7 orc wizards
  Jessica (D:3)
  An iguana (D:7)
  5 worker ants
  2 hound zombies
  A hound skeleton (D:5)
  2 mummies (D:7)
  12 adders
  11 gnolls
  An ooze (D:6)
  2 adder zombies (D:5)
  3 dart slugs
  4 leopard geckos
  76 orcs
  A ball python (D:3)
  5 giant cockroaches
  10 goblins
  3 hobgoblins
  8 jackals
  8 quokkas
  9 bats
  10 frilled lizards
  2 jackal zombies (D:7)
  17 kobolds
  A leopard gecko skeleton (D:5)
  9 rats
319 creatures vanquished.

Vanquished Creatures (others)
  A two-headed ogre (Orc:2)
  A troll (Orc:1)
  A hornet (D:7)
  2 wraiths (Orc:2)
  2 yaks (D:8)
  4 orc warriors
  2 necrophages (D:7)
  2 slaves (D:7)
  5 ogres
  A crocodile (D:8)
  A wight (D:10)
  2 killer bees
  2 orc wizards
  2 worker ants
  3 gnolls
  An adder (D:5)
  An orc (D:10)
  A goblin (D:2)
  A jackal (D:5)
  A rat (D:2)
  2 fungi (D:8)
  2 plants (D:8)
40 creatures vanquished.

Grand Total: 359 creatures vanquished

Notes
Turn   | Place    | Note
-------+----------+-------------------------------------------
     0 | D:1      | vineage the Gargoyle Fighter began the quest for the Orb.
     0 | D:1      | Reached XP level 1. HP: 14/14 MP: 1/1
    42 | D:1      | Reached XP level 2. HP: 16/19 MP: 2/2
   224 | D:1      | Found an iron altar of Okawaru.
   252 | D:1      | Became a worshipper of Warmaster Okawaru
   514 | D:1      | Reached XP level 3. HP: 23/23 MP: 3/3
   938 | D:2      | Found an opulent altar of Gozag.
   955 | D:2      | Reached skill level 1 in Long Blades
   955 | D:2      | Reached XP level 4. HP: 15/29 MP: 4/4
  1102 | D:2      | Reached skill level 4 in Shields
  1188 | D:2      | Noticed Sigmund
  1200 | D:2      | Banished Sigmund
  1200 | D:2      | Reached XP level 5. HP: 33/33 MP: 5/5
  1200 | D:2      | Reached XP level 6. HP: 38/38 MP: 6/6
  1221 | D:2      | Reached skill level 5 in Shields
  1595 | D:3      | Found a white marble altar of Elyvilon.
  1636 | D:3      | Noticed a dagger
  1636 | D:3      | Noticed a hand axe
  1639 | D:3      | Found a hide-covered altar of Uskayaw.
  2001 | D:3      | Noticed Jessica
  2014 | D:3      | Killed Jessica
  2014 | D:3      | Reached skill level 1 in Dodging
  2026 | D:3      | Found a deep blue altar of Sif Muna.
  2090 | D:4      | Found Yreh's Armour Shoppe.
  2152 | D:4      | Found Zoiza's Antique Armour Boutique.
  2215 | D:4      | Found Girgh's Elemental Accessories.
  2261 | D:4      | Reached * piety under Okawaru
  2273 | D:4      | Found Ypeuw's Food Shop.
  2393 | D:4      | Reached XP level 7. HP: 43/43 MP: 7/7
  2538 | D:4      | Found Esug's Armour Emporium.
  2761 | D:4      | Found Omeph's Armour Shop.
  2847 | D:5      | Entered Level 5 of the Dungeon
  3159 | D:5      | Reached skill level 5 in Armour
  3159 | D:5      | Reached skill level 6 in Shields
  3227 | D:5      | Found Zoaxtu's Food Shop.
  3761 | D:5      | Found a runed door.
  3833 | D:5      | Noticed Crazy Yiuf
  3920 | D:6      | Reached XP level 8. HP: 48/48 MP: 8/8
  4102 | D:6      | Noticed Blork the orc
  4114 | D:6      | Killed Blork the orc
  4124 | D:6      | Found a staircase to the Ecumenical Temple.
  4204 | D:6      | Reached skill level 5 in Long Blades
  4364 | D:6      | Reached ** piety under Okawaru
  4393 | D:7      | Reached skill level 1 in Stealth
  4396 | D:7      | Reached skill level 5 in Fighting
  4626 | D:7      | Reached XP level 9. HP: 23/54 MP: 9/9
  4812 | D:7      | Reached skill level 7 in Shields
  4837 | D:7      | Reached *** piety under Okawaru
  4986 | D:7      | Found Genoge's Book Emporium.
  5037 | D:7      | Noticed a hornet
  5061 | D:7      | Banished a hornet
  5088 | D:7      | Noticed Pikel
  5143 | D:7      | Killed Pikel
  5143 | D:7      | Reached **** piety under Okawaru
  5143 | D:7      | Reached skill level 8 in Shields
  5305 | D:8      | Found a snail-covered altar of Cheibriados.
  5391 | D:8      | Noticed a two-headed ogre
  5732 | D:8      | Reached XP level 10. HP: 60/60 MP: 10/10
  5752 | D:8      | Found a staircase to the Lair.
  5772 | D:8      | Reached skill level 9 in Shields
  5781 | D:8      | Reached ***** piety under Okawaru
  5786 | D:8      | Killed a two-headed ogre
  5786 | D:8      | Received a gift from Okawaru
  5791 | D:8      | Got a crystal arbalest {god gift}
  6361 | D:8      | Gained mutation: Scrolls take you a little longer to read. [mutagenic meat]
  6362 | D:8      | Gained mutation: Your mind is acute. (Int +2) [mutagenic meat]
  6363 | D:8      | Gained mutation: Your movements are slightly less encumbered by armour. (ER -2) [mutagenic meat]
  6364 | D:8      | Gained mutation: You are partially covered in slimy green scales. (AC +2) [mutagenic meat]
  6569 | D:8      | Noticed a two-headed ogre
  6583 | D:8      | Killed a two-headed ogre
  6583 | D:8      | Reached skill level 10 in Shields
  6838 | D:9      | Found a stormy altar of Qazlal.
  6940 | D:9      | Found a shimmering altar of Xom.
  7258 | D:9      | Reached XP level 11. HP: 66/66 MP: 2/11
  7365 | D:10     | Entered Level 10 of the Dungeon
  7465 | D:10     | Noticed ThereIsNoGod's ghost (novice TrFi)
  7480 | D:10     | Killed ThereIsNoGod's ghost
  7480 | D:10     | Received a gift from Okawaru
  7486 | D:10     | Got a warped chain mail {god gift}
  7497 | D:10     | Identified the +1 chain mail "Gazoez" {-Tele Str+4 Dex+9} (Okawaru gifted it to you on level 10 of the Dungeon)
  7773 | D:10     | Gained mutation: Your muscles are strong. (Str +2) [mutagenic meat]
  7774 | D:10     | Lost mutation: Scrolls take you a little longer to read. [mutagenic meat]
  7817 | D:10     | Found a staircase to the Orcish Mines.
  8035 | Orc:1    | Entered Level 1 of the Orcish Mines
  8078 | Orc:1    | Reached skill level 11 in Shields
  8157 | Orc:1    | Noticed Urug
  8157 | Orc:1    | Noticed a stone giant
  8179 | Orc:1    | Banished Urug
  8188 | Orc:1    | Killed a stone giant
  8464 | Orc:1    | Found Cohuj's Magic Scroll Shop.
  8476 | Orc:1    | Bought a scroll of identify for 24 gold pieces
  8476 | Orc:1    | Bought 2 scrolls of identify for 48 gold pieces
  8476 | Orc:1    | Bought a scroll of enchant weapon for 90 gold pieces
  8476 | Orc:1    | Bought a scroll of identify for 24 gold pieces
  8811 | Orc:2    | Entered Level 2 of the Orcish Mines
  8824 | Orc:2    | Noticed a two-headed ogre
  8836 | Orc:2    | Killed a two-headed ogre
  8990 | Orc:2    | Noticed a two-headed ogre
  9088 | Orc:2    | Reached XP level 12. HP: 57/73 MP: 12/12
  9107 | Orc:2    | Banished a two-headed ogre
  9107 | Orc:2    | Reached skill level 10 in Long Blades
  9109 | Orc:2    | Noticed Josephine
  9123 | Orc:2    | Banished Josephine
  9123 | Orc:2    | Reached skill level 5 in Dodging
  9131 | Orc:2    | Noticed an orc warlord
  9156 | Orc:2    | Slain by an orc warrior

Skill      XL: |  1  2  3  4  5  6  7  8  9 10 11 12 |
---------------+-------------------------------------+-----
Long Blades    | 1 2 3 4 5 6 8 9 10 | 10.1
Shields        | 4 5 6 8 10 11 | 11.7
Armour         | 4 5 6 7 8 |  8.6
Fighting       | 4 5 6 7 8 |  8.1
Dodging        | 1 2 3 4 5 |  5.0
Stealth        | 1 2 |  2.6
Maces & Flails | |  2.5
Invocations    | |  0.2

Action                   |  1- 3 |  4- 6 |  7- 9 | 10-12 || total
-------------------------+-------+-------+-------+-------++-------
Melee: Flail             |    45 |       |       |       ||    45
       Falchion          |    50 |   133 |   375 |   573 ||  1131
Invok: Heroism           |       |       |       |     2 ||     2
  Use: Potion            |       |     1 |     1 |     5 ||     7
       Scroll            |       |       |    14 |     8 ||    22
  Eat: Chunk             |       |     5 |    11 |    18 ||    34
Armor: Scale mail        |    21 |       |       |       ||    21
       Ice dragon scales |    45 |    57 |   201 |   111 ||   414
       Chain mail        |       |       |       |   144 ||   144
Dodge: Dodged            |    37 |    33 |   107 |   219 ||   396
Block: Shield            |    68 |    56 |   217 |   123 ||   464
       Buckler           |       |       |       |   194 ||   194
       Rpst.: Falchion   |     4 |    10 |    36 |    49 ||    99
